 Dungeon Crawl Stone Soup version 0.19-a0-1091-g463c9de (webtiles) character file.

679 4thArraOfDagon the Ruffian (level 7, -2/61 HPs)
             Began as a Troll Arcane Marksman on Aug 7, 2016.
             Was a Follower of Okawaru.
             Slain by a wasp (5 damage)
             ... on level 8 of the Dungeon.
             The game lasted 00:06:03 (1238 turns).

4thArraOfDagon the Ruffian (Troll Arcane Marksman)  Turns: 1238, Time: 00:06:04

Health: -2/61      AC:  6    Str: 20    XL:     7   Next: 34%
Magic:  8/8        EV: 10    Int: 11    God:    Okawaru [*.....]
Gold:   106        SH:  0    Dex:  9    Spells: 1 memorised, 7 levels left

rFire  . . .     SeeInvis .       - Unarmed
rCold  . . .     Gourm    +     a - +1 robe
rNeg   . . .     Faith    .     (no shield)
rPois  .         Spirit   .     (helmet restricted)
rElec  .         Dismiss  .     (no cloak)
rCorr  .         Reflect  .     (gloves unavailable)
SustAt .         Harm     .     (boots unavailable)
MR     .....                    (no amulet)
Stlth  +.........               (no ring)
                                (no ring)

@: hasted and slowed
A: unfitting armour, claws 3, fast metabolism 3, gourmand, regeneration 2,
shaggy fur 1, tough skin 2
a: Heroism, Renounce Religion


You were on level 8 of the Dungeon.
You worshipped Okawaru.
Okawaru was aware of your devotion.
You were very full.

You visited 1 branch of the dungeon, and saw 8 of its levels.
You also visited: Ossuary.

You collected 106 gold pieces.

Inventory:

Missiles
 c - 4 large rocks (quivered)
 d - 2 throwing nets
 w - a curare-tipped needle
Armour
 a - a +1 robe (worn)
Wands
 r - a wand of enslavement (20/24)
Scrolls
 e - 2 scrolls of enchant weapon
 l - 3 scrolls of enchant armour
 n - a scroll of immolation {unknown}
 t - a scroll of remove curse {unknown}
 u - a scroll of amnesia
Potions
 i - 2 potions of berserk rage {unknown}
 j - 2 potions of brilliance {unknown}
 k - a potion of agility {unknown}
 m - 3 potions of degeneration {unknown}
 p - a potion of resistance {unknown}
 q - a potion of curing
 s - a potion of might {unknown}
 v - a potion of mutation {unknown}
Books
 b - a book of Debilitation

   Spells                             Type                      Level
   a - Corona                         Hexes                        1
   b - Slow                           Hexes                        2
   c - Gell's Gravitas                Hexes/Translocation          3
   d - Inner Flame                    Hexes/Fire                   3
   e - Cause Fear                     Hexes                        4
   f - Leda's Liquefaction            Hexes/Earth                  4
Comestibles
 f - 5 bread rations
 g - 2 meat rations
 h - a beef jerky


   Skills:
 - Level 0.7 Fighting
 - Level 1.7 Throwing
 - Level 1.5 Dodging
 * Level 6.7 Unarmed Combat
 - Level 1.0 Spellcasting
 - Level 2.0 Hexes
 + Level 3.5 Invocations


You had 7 spell levels left.
You knew the following spells:

 Your Spells              Type           Power        Failure   Level  Hunger
a - Corona                Hex            #......      17%         1    ##.....


Dungeon Overview and Level Annotations

Branches:
Dungeon (8/15)
 Temple: D:4-7         Lair: D:8-11

Altars:
Okawaru
Trog
Vehumet


Innate Abilities, Weirdness & Mutations

You are too large for most types of armour.
You have claws for hands.
Your metabolism is lightning-fast.
You like to eat raw meat.
You heal very quickly.
You are covered in fur. (AC +1)
You have very tough skin. (AC +2)


Message History

You barely miss the wasp.
The wasp is heavily wounded.
The wasp barely misses you. The kobold hits you but does no damage.
The big kobold hits you with a whip.
* * * LOW HITPOINT WARNING * * *
The kobold completely misses you. The wasp closely misses you.
Unknown command.
Unknown command.
Unknown command.
Unknown command.
You feel yourself speed up.
You feel like a meek peon again. The wasp stings you!
* * * LOW HITPOINT WARNING * * *
You feel as though you will be slow longer.
The kobold hits you with a dagger.
* * * LOW HITPOINT WARNING * * *
The big kobold barely misses you. The kobold closely misses you.
The wasp stings you.
You die...

..### #. #... #.#.# ###..#
#.#.# #....# ####.#.####
#....# .. .........<#
#(...# ...F
..........######Fo.(#.....
..........'....yKKo........
..........######@K{..##...#
..........### ###(..# .#
..)........... ........
..........##.# ##.......
..........# # .........
..........# ##.##...#
...####..... .. .... ...#
######. .# .. ...#


You could see a big kobold, a giant frog, a wasp, 2 orcs and 2 kobolds.

Vanquished Creatures
  An ice beast (D:7)
  An ogre (D:7)
  A giant frog (D:8)
  A water moccasin zombie (Ossuary)
  A crimson imp (D:6)
  2 hounds
  2 jellies
  An iguana (D:6)
  3 big kobold zombies (Ossuary)
  2 mummies (Ossuary)
  3 gnolls (D:8)
  2 adders
  An adder skeleton (D:5)
  8 adder zombies (Ossuary)
  4 worms (D:2)
  A dart slug (D:2)
  2 giant geckos
  An orc (D:8)
  2 giant cockroaches (D:1)
  2 gnoll zombies (Ossuary)
  A goblin (D:1)
  A quokka (D:2)
  A ball python (D:3)
  3 bats
  3 giant newts
  3 hobgoblin zombies (Ossuary)
  A jackal zombie (D:6)
  3 kobolds
  4 kobold zombies (Ossuary)
  2 orc zombies (Ossuary)
  2 rats
65 creatures vanquished.

Notes
Turn   | Place    | Note
-------+----------+-------------------------------------------
     0 | D:1      | 4thArraOfDagon the Troll Arcane Marksman began the quest for the Orb.
     0 | D:1      | Reached XP level 1. HP: 18/18 MP: 1/1
   160 | D:1      | Reached skill level 1 in Unarmed Combat
   297 | D:2      | Reached XP level 2. HP: 24/26 MP: 2/2
   299 | D:2      | Found a radiant altar of Vehumet.
   325 | D:2      | Reached skill level 2 in Unarmed Combat
   387 | D:2      | Reached XP level 3. HP: 15/32 MP: 3/3
   428 | D:3      | Reached skill level 3 in Unarmed Combat
   458 | D:3      | Found an iron altar of Okawaru.
   472 | D:3      | Became a worshipper of Warmaster Okawaru
   484 | D:5      | Entered Level 5 of the Dungeon
   501 | D:5      | Reached XP level 4. HP: 40/40 MP: 4/4
   524 | D:5      | Reached skill level 1 in Invocations
   544 | D:6      | Reached skill level 4 in Unarmed Combat
   570 | D:6      | Reached XP level 5. HP: 44/46 MP: 5/5
   574 | D:6      | Found a bloodstained altar of Trog.
   754 | D:6      | Found a sand-covered staircase.
   764 | Ossuary  | Entered an ossuary
   825 | Ossuary  | Reached skill level 5 in Unarmed Combat
   849 | Ossuary  | Reached XP level 6. HP: 54/54 MP: 6/6
   879 | Ossuary  | Reached * piety under Okawaru
   971 | D:7      | Noticed an ice beast
   983 | D:7      | Killed an ice beast
   983 | D:7      | Reached skill level 6 in Unarmed Combat
  1030 | D:7      | Reached XP level 7. HP: 61/61 MP: 8/8
  1163 | D:8      | Reached ** piety under Okawaru
  1236 | D:8      | Paralysed by a wasp for 1 turns
  1238 | D:8      | HP: 3/61 [kobold/dagger (3)]
  1238 | D:8      | Slain by a wasp

Vault maps used:
D:1:      onia_arrival_mini_maze, minmay_misc_feat_hallway
D:2:      overflow_temple_1_default, first_bread, kennysheep_generic_room_14
D:3:      old_standard_altar, serial_glass, glass_columns_c, glass_columns_a,
          grunt_decor_mini_mirrors, okawaru_gym_becter
D:4:      lemuel_angel_altar, uniq_pikel
D:5:      minivault_27
D:6:      minmay_opposing_rooms, lemuel_round_altar, enter_ossuary_3,
          corexii_leaking_fountain, guppyfry_early_elven_hall
D:7:      uniq_crazy_yiuf_cottage
D:8:      kennysheep_little_box, nicolae_gozag_seed_capital,
          grunt_temple_overflow_open
Ossuary:  ossuary_tomb_2

Skill      XL: |  1  2  3  4  5  6 |
---------------+-------------------+-----
Unarmed Combat | 1 2 3 4 5 6 |  6.7
Invocations    | 1 2 3 |  3.5
Fighting       | |  0.7
Throwing       | |  1.7
Dodging        | |  1.5
Spellcasting   | |  1.0
Hexes          | |  2.0

Action                   |  1- 3 |  4- 6 |  7- 9 || total
-------------------------+-------+-------+-------++-------
Melee: Unarmed           |    92 |   131 |    44 ||   267
       Punch             |       |     4 |       ||     4
Throw: Large rock        |       |     4 |       ||     4
Invok: Heroism           |       |       |     1 ||     1
  Use: Scroll            |       |     5 |       ||     5
       Potion            |       |       |     2 ||     2
  Eat: Chunk             |     8 |     3 |     4 ||    15
Armor: Robe              |    34 |    39 |    16 ||    89
Dodge: Dodged            |    47 |    39 |    48 ||   134
